 Dungeon Crawl Stone Soup version 0.23.2-40-g277498a (webtiles) character file.

Game seed: 7700710772264468250

665 Fang the Skirmisher (level 7, -1/45 HPs)
             Began as a Gargoyle Berserker on Oct 23, 2019.
             Was a Priest of Trog.
             Slain by Prince Ribbit (8 damage)
             ... on level 5 of the Dungeon.
             The game lasted 00:03:32 (3115 turns).

Fang the Skirmisher (Gargoyle Berserker)            Turns: 3115, Time: 00:03:32

Health: -1/45      AC: 16    Str: 23    XL:     7   Next: 57%
Magic:  7/7        EV: 22    Int:  7    God:    Trog [***...]
Gold:   355        SH:  0    Dex:  9    Spells: 6/6 levels left

rFire    + . .     SeeInvis .   a - +0 war axe
rCold    + . .     Gourm    .   (no shield)
rNeg     + . .     Faith    .   b - +0 plate armour
rPois    ∞         Spirit   .   (no helmet)
rElec    +         Reflect  .   r - scarf {rC+ rF+}
rCorr    .         Harm     .   (no gloves)
MR       ++...                  (no boots)
Stlth    ..........             m - amulet of the acrobat
HPRegen  1.15/turn              (no ring)
MPRegen  0.10/turn              (no ring)

@: berserk cooldown, acrobat, regenerating, slowed, very slow
A: negative energy resistance 1, electricity resistance, unbreathing,
petrification resistance, rot immunity, AC +4
a: Berserk, Trog's Hand, Renounce Religion


You were on level 5 of the Dungeon.
You worshipped Trog.
Trog was most pleased with you.
You were not hungry.

You visited 1 branch of the dungeon, and saw 5 of its levels.

You collected 355 gold pieces.

Inventory:

Hand Weapons
 a - a +0 war axe (weapon)
Armour
 b - a +0 plate armour (worn)
 r - a scarf of resistance (worn)
Jewellery
 m - an amulet of the acrobat (around neck)
Wands
 s - a wand of digging (3)
Scrolls
 h - 2 scrolls of magic mapping {unknown}
 k - 6 scrolls of remove curse {unknown}
 l - 2 scrolls of teleportation {unknown}
 n - a scroll of enchant armour {unknown}
 p - 2 scrolls of identify {unknown}
 q - a scroll of blinking {unknown}
Potions
 d - 2 potions of flight {unknown}
 e - a potion of resistance {unknown}
 f - 7 potions of curing
 g - a potion of might {unknown}
 i - 2 potions of mutation {unknown}
 j - a potion of heal wounds {unknown}
 t - a potion of agility {unknown}
 u - 2 potions of brilliance {unknown}
Comestibles
 c - 5 rations
 o - 4 chunks of flesh


   Skills:
 * Level 5.6 Fighting
 * Level 4.7 Axes
 + Level 4.6 Armour
 + Level 3.3 Dodging


You had 6 spell levels left.
You didn't know any spells.
Your spell library was empty.

Dungeon Overview and Level Annotations

Branches:
Dungeon (5/15)
 Temple: D:4-7

Altars:
Ashenzari
Gozag
Nemelex Xobeh
Qazlal
Wu Jian

Annotations:
D:5 Prince Ribbit


Innate Abilities, Weirdness & Mutations

You are resistant to torment.
Your stone body is resilient. (AC +4)
You are immune to poison.
You resist negative energy. (rN+)
You are resistant to electric shocks. (rElec)
You can survive without breathing.
You are immune to petrification.
You are immune to rotting.


Message History

Prince Ribbit hits you but does no damage. x2
Prince Ribbit hits you!
You slash Prince Ribbit!
Prince Ribbit is moderately wounded.
Prince Ribbit hits you but does no damage.
Prince Ribbit hits you.
You closely miss Prince Ribbit.
Prince Ribbit is moderately wounded.
Prince Ribbit closely misses you.
Prince Ribbit hits you but does no damage.
Prince Ribbit hits you!
* * * LOW HITPOINT WARNING * * *
You hit Prince Ribbit.
Prince Ribbit is moderately wounded.
Prince Ribbit hits you.
* * * LOW HITPOINT WARNING * * *
Prince Ribbit closely misses you. Prince Ribbit barely misses you.
Prince Ribbit completely misses you. Prince Ribbit hits you!
You die...

#.......#.####..##
#......^#..####...
#...............#.
#.....#.#..######.
#..........######.
#.....#.#..##.....
#..........##.###.
##F#.####... ##
#@<#.# .... #.##.#
.## #.# .# #.. ##
..# ..# ...# ####


You could see Prince Ribbit.

Vanquished Creatures
  A phantom (D:5)
  A necrophage (D:5)
  A centaur (D:5)
  A crimson imp (D:5)
  A hound (D:5)
  An orc priest (D:3)
  4 orc wizards
  11 adders
  An adder zombie (D:5)
  An adder skeleton (D:5)
  3 leopard geckos
  20 orcs
  A ball python (D:5)
  4 giant cockroaches
  5 goblins
  7 hobgoblins
  2 jackals (D:5)
  4 kobolds
  5 quokkas
  2 ball python zombies (D:5)
  2 bats (D:2)
  3 frilled lizards
  7 rats
88 creatures vanquished.

Notes
Turn   | Place    | Note
-------+----------+-------------------------------------------
     0 | D:1      | Fang the Gargoyle Berserker began the quest for the Orb.
     0 | D:1      | Reached XP level 1. HP: 14/14 MP: 1/1
   208 | D:1      | Reached XP level 2. HP: 19/19 MP: 2/2
  1362 | D:2      | Found an ornate altar of the Wu Jian Council.
  1377 | D:2      | Found a stormy altar of Qazlal.
  1388 | D:2      | Reached XP level 3. HP: 23/23 MP: 3/3
  1722 | D:3      | Reached XP level 4. HP: 24/29 MP: 4/4
  1722 | D:3      | Reached ** piety under Trog
  1966 | D:3      | Found an opulent altar of Gozag.
  2038 | D:3      | Reached skill level 4 in Fighting
  2111 | D:3      | Reached XP level 5. HP: 24/33 MP: 5/5
  2578 | D:3      | You fall through a shaft for 2 floors!
  2578 | D:5      | Entered Level 5 of the Dungeon
  2581 | D:5      | Found a shattered altar of Ashenzari.
  2584 | D:5      | Noticed a phantom
  2602 | D:5      | Reached XP level 6. HP: 39/39 MP: 6/6
  2615 | D:5      | Killed a phantom
  2669 | D:5      | Reached *** piety under Trog
  2671 | D:5      | Reached skill level 5 in Fighting
  2778 | D:5      | Found a sparkling altar of Nemelex Xobeh.
  2801 | D:5      | Noticed a necrophage
  2808 | D:5      | Killed a necrophage
  2808 | D:5      | Reached XP level 7. HP: 43/44 MP: 7/7
  2991 | D:5      | Noticed Prince Ribbit
  3115 | D:5      | Slain by Prince Ribbit

Skill      XL: |  1  2  3  4  5  6 |
---------------+-------------------+-----
Axes           | 3 4 |  4.7
Dodging        | 2 3 |  3.3
Armour         | 3 4 |  4.6
Fighting       | 4 5 |  5.6

Action                   |  1- 3 |  4- 6 |  7- 9 || total
-------------------------+-------+-------+-------++-------
Melee: Hand axe          |    90 |   151 |       ||   241
       War axe           |       |    27 |    61 ||    88
Invok: Berserk           |     1 |     1 |     2 ||     4
       Trog's Hand       |       |       |     2 ||     2
  Eat: Chunk             |     2 |     6 |     4 ||    12
Armor: Animal skin       |    13 |       |       ||    13
       Plate armour      |    53 |   170 |    68 ||   291
Dodge: Dodged            |    54 |   107 |    63 ||   224
